AoeStats
← [KMNB] Bandeira

African Clearing

506920159Analyzed
4v4 RM · 18d ago on Sep 15, 2026· 31m 27s· 8 players
Game mode
Random Map
Map size
Large (8 player)
Population
200
Speed
Normal
Resources
Standard
Victory
Conquest
Starting age
Dark Age
Ending age
Imperial Age
RankedLock teamsTeams togetherTeam positionsShared explorationLock speedFull tech treeHidden civsTurbo modeCheats
Victory
Defeat
🇧🇷 Sicilians · Brazil
1755
+8
🇧🇷 Mongols · Brazil
1601
+13
🇺🇸 Jurchens · United States
1592
+14
🇧🇷 Persians · Brazil
1508
+17
🇧🇷 Huns · Brazil
1567
-14
🇧🇷 Italians · Brazil
1555
-13
🇧🇷 Magyars · Brazil
1543
-13
🇧🇷 Ethiopians · Brazil
1511
-12
[KMNB] Bandeira
4:29 Loom
12:29 Feudal Age
13:22 Double-Bit Axe
16:25 Scale Barding Armor
24:40 Castle Age
23:26 Bloodlines
[KMNB] Galodoido
11:34 Loom
14:01 Feudal Age
22:29 Fletching
25:19 Padded Archer Armor
31:54 Castle Age
30:44 Double-Bit Axe
[KMNB] Dedão
4:01 Loom
13:03 Feudal Age
13:40 Double-Bit Axe
21:41 Castle Age
Fs.Khronos
4:00 Loom
12:04 Feudal Age
12:32 Double-Bit Axe
16:29 Fletching
24:42 Castle Age
23:19 Padded Archer Armor
25:24 Bodkin Arrow
25:40 Bow Saw
29:53 Ballistics
SS_Guxta
9:40 Loom
11:45 Feudal Age
12:28 Double-Bit Axe
16:47 Forging
18:29 Bloodlines
24:39 Castle Age
23:28 Scale Barding Armor
25:17 Light Cavalry
30:06 Town Watch
SS_Bart
8:38 Loom
11:33 Feudal Age
16:56 Double-Bit Axe
22:18 Castle Age
20:59 Fishing Lines
22:55 Fletching
23:16 Bow Saw
24:34 Bodkin Arrow
25:39 Gillnets
28:31 Padded Archer Armor
29:00 Husbandry
31:13 Wheelbarrow
Gomes
4:19 Loom
Sergio's
3:41 Loom
13:53 Feudal Age
18:20 Castle Age
16:09 Double-Bit Axe
16:57 Scale Barding Armor
18:21 Forging
18:34 Light Cavalry
24:53 Wheelbarrow
24:00 Horse Collar
26:09 Bloodlines
26:23 Bow Saw
27:28 Chain Barding Armor
27:23 Gold Mining
27:48 Husbandry
28:17 Town Watch
31:54 Iron Casting
31:45 Hand Cart
Connection lost

Rejoining the realm…

Still unreachable

The connection could not be restored.

Session expired

The server has moved on; the page needs a fresh start.